[Event "Titled Tuesday Blitz January 10 Late 2023"]
[White "Colivet Gamboa, Julio Cesar"]
[Black "Rodriguez Fontecha, Marcos"]
[WhiteFideId "3949583"]
[BlackFideId "2256576"]
[WhiteElo "1844"]
[BlackElo "2309"]
[Result "1-0"]
[Round "03"]
[TimeControl "180+2"]
[Date "2023.01.10"]
[WhiteClock "0:00:20"]
[BlackClock "0:00:05"]

1. c4 e5 2. Nc3 Nc6 3. g3 g6 4. Bg2 Bg7 5. e4 d6 6. Nge2 Be6 7. d3 Qd7 8. O-O Bh3 9. Nd5 Bxg2 10. Kxg2 Nd8 11. f4 c6 12. Ndc3 Ne7 13. f5 gxf5 14. exf5 Nxf5 15. Ne4 Ne7 16. Be3 Ne6 17. Bh6 O-O-O 18. Bxg7 Nxg7 19. Rxf7 Ngf5 20. Qd2 Rhg8 21. Kh1 Kb8 22. Rf1 d5 23. Nf6 Qe6 24. Nxg8 Rxg8 25. Rxh7 Qg6 26. Rxe7 Nxe7 27. Qe3 e4 28. Nf4 Qd6 29. dxe4 d4 30. Qe2 c5 31. e5 Qc6+ 32. Kg1 Nf5 33. e6 Ne3 34. Rf2 Re8 35. Qf3 Qa4 36. b3 Qb4 37. h4 Qe1+ 38. Kh2 Qxf2+ 39. Qxf2 Ng4+ 40. Kg2 Nxf2 41. Kxf2 Kc7 42. Kf3 Kd6 43. Ke4 Rg8 44. Kf3 d3 45. Nxd3 Kxe6 46. Nxc5+ Ke5 47. Nxb7 Rf8+ 48. Kg2 Ke4 49. g4 Ke3 50. g5 Kf4 51. Nd6 Kg4 52. c5 Rd8 53. g6 Kxh4 54. g7 Kh5 55. c6 1-0


[Site "https://www.chess.com"]

[Event "Titled Tuesday Blitz January 10 Late 2023"]
[White "Jovic, Stanoje"]
[Black "Jenkins, Drake"]
[WhiteFideId "905020"]
[BlackFideId "2022397"]
[WhiteElo "2075"]
[BlackElo "2130"]
[Result "1-0"]
[Round "03"]
[TimeControl "180+2"]
[Date "2023.01.10"]
[WhiteClock "0:00:19"]
[BlackClock "0:00:05"]

1. c4 Nf6 2. g3 c5 3. Bg2 g6 4. Nc3 Bg7 5. Nf3 d5 6. cxd5 Nxd5 7. O-O Nc6 8. Nxd5 Qxd5 9. d3 O-O 10. Be3 Qd6 11. Rc1 b6 12. d4 Bb7 13. dxc5 Qxd1 14. Rfxd1 b5 15. Rd7 Rab8 16. Bf4 e5 17. Be3 Rfc8 18. Ng5 Na5 19. Nxf7 Bxg2 20. Kxg2 Nc4 21. Rxa7 Nxe3+ 22. fxe3 e4 23. Nd6 Rc6 24. b4 Bf8 25. Nxe4 Re8 26. Kf3 Rce6 27. Nc3 Rxe3+ 28. Kf2 Bh6 29. Rc2 Rf8+ 30. Kg2 Re6 31. Nxb5 Ref6 32. e4 Be3 33. Nd6 Rf2+ 34. Rxf2 Rxf2+ 35. Kh3 Rb2 36. Ra3 Bg1 37. Kg4 Bxh2 38. c6 Rc2 39. b5 Kg7 40. Ra7+ Kf6 41. c7 h5+ 42. Kf3 Bg1 43. Ne8+ Ke5 44. g4 h4 45. g5 Rf2+ 46. Kg4 Rf4+ 47. Kh3 Bf2 48. c8=Q Rf3+ 49. Kg2 1-0


[Site "https://www.chess.com"]

[Event "Titled Tuesday Blitz January 10 Late 2023"]
[White "Liu, Kelsey"]
[Black "Karwowski, Kacper"]
[WhiteFideId "30944481"]
[BlackFideId "1126032"]
[WhiteElo "2065"]
[BlackElo "2164"]
[Result "1-0"]
[Round "03"]
[TimeControl "180+2"]
[Date "2023.01.10"]
[WhiteClock "0:00:12"]
[BlackClock "0:00:10"]

1. e4 c5 2. Nf3 e6 3. d4 cxd4 4. Nxd4 Nf6 5. Nc3 Nc6 6. Ndb5 Bb4 7. a3 Bxc3+ 8. Nxc3 d5 9. exd5 exd5 10. Bd3 O-O 11. O-O d4 12. Ne2 Bg4 13. Bg5 h6 14. Bh4 Bxe2 15. Qxe2 Re8 16. Qf3 Ne5 17. Qg3 Nxd3 18. Qxd3 g5 19. Bg3 Qb6 20. b3 Rac8 21. Rad1 Re4 22. Rfe1 Rxe1+ 23. Rxe1 Qc5 24. Be5 Re8 25. Qf5 Ng4 26. Qxg4 Rxe5 27. Rxe5 Qxe5 28. Kf1 d3 29. cxd3 Qa1+ 30. Ke2 Qb2+ 31. Kf3 Qxb3 32. Qc8+ Kg7 33. Ke3 b5 34. Qc5 Qe6+ 35. Kd2 a6 36. Kc3 Kh7 37. h3 Qf6+ 38. Kb4 Qf4+ 39. Ka5 Qa4+ 40. Kb6 a5 41. Qf5+ Kg8 42. Qe5 Qxa3 43. Qe8+ Qf8 44. Qxf8+ Kxf8 45. Kxa5 Ke7 46. Kxb5 Kd6 47. Kc4 f5 48. Kd4 h5 49. Kc4 g4 50. hxg4 fxg4 51. Kd4 h4 52. Ke4 h3 53. gxh3 gxh3 54. Kf3 Kd5 55. Kg3 Kd4 56. Kxh3 Kxd3 57. Kg4 Ke4 58. f4 Kd5 59. Kg5 Kd6 60. Kg6 Ke7 61. Kg7 Ke6 62. Kg6 Ke7 63. f5 Kf8 64. Kf6 1-0


[Site "https://www.chess.com"]

[Event "Titled Tuesday Blitz January 10 Late 2023"]
[White "Pein, Jonathan"]
[Black "Pinero Rodriguez, Carlos Jose"]
[WhiteFideId "417092"]
[BlackFideId "3901726"]
[WhiteElo "2265"]
[BlackElo "2246"]
[Result "1-0"]
[Round "03"]
[TimeControl "180+2"]
[Date "2023.01.10"]
[WhiteClock "0:00:12"]
[BlackClock "0:00:05"]

1. e4 c5 2. g3 d6 3. Bg2 Nc6 4. Ne2 g6 5. c3 Bg7 6. d4 cxd4 7. cxd4 Nf6 8. Nbc3 O-O 9. O-O Nd7 10. Be3 a6 11. Rc1 Rb8 12. Qd2 e6 13. b3 Ne7 14. h4 b5 15. Bf4 Nb6 16. h5 e5 17. Be3 d5 18. h6 Bh8 19. dxe5 dxe4 20. Qxd8 Rxd8 21. Bg5 Re8 22. Nxe4 Bxe5 23. Nf6+ Bxf6 24. Bxf6 Nf5 25. Nd4 Nxd4 26. Bxd4 Be6 27. Rc5 Red8 28. Bf6 Rdc8 29. Rfc1 Rxc5 30. Rxc5 Rc8 31. Rxc8+ Bxc8 32. Kf1 Nd7 33. Bd4 f5 34. Bd5+ Kf8 35. Bg7+ Ke7 36. Bg8 Nf6 37. Bxf6+ Kxf6 38. f4 g5 39. Ke2 gxf4 40. gxf4 Kg6 41. Ke3 Kxh6 42. Kd4 Kg6 43. Ke5 h5 44. Bd5 h4 45. Bg2 Kh5 46. Bh3 Kg6 47. b4 Bd7 48. a3 Bc8 49. Bg2 Bd7 50. Bh3 Bc8 51. Bg2 Kh5 52. Bh3 Bd7 53. Kd6 Bc8 54. Ke5 Bd7 55. Kd6 Bc8 56. Kc7 Be6 57. Kb6 Bc4 58. Kxa6 Be2 59. Bxf5 Bg4 60. Be4 h3 61. Kxb5 Kh4 62. a4 Kg3 63. f5 Bf3 64. Bxf3 Kxf3 65. f6 h2 66. f7 h1=Q 67. f8=Q+ Ke3 68. Qc5+ Kd2 69. a5 Kd3 70. Qc4+ Kd2 71. a6 Qa8 72. Qc5 Qb8+ 73. Ka5 Qa8 74. Qb5 Qc8 75. Qc5 Qd8+ 76. Qb6 Qa8 77. a7 Kc1 78. Qc5+ Kb2 79. b5 Qd8+ 80. Qb6 Qa8 81. Qb8 Qd5 82. a8=Q Qa2+ 83. Kb6 Qe6+ 84. Qc6 Qe3+ 85. Qc5 Qe6+ 86. Qbd6 Qb3 87. Qd2+ Ka1 88. Qcc1+ Qb1 89. Qxb1+ Kxb1 90. Qh2 Kc1 91. Kc5 Kd1 92. Kc4 Ke1 93. b6 Kf1 94. Kd3 Ke1 95. Qe2# 1-0


[Site "https://www.chess.com"]

[Event "Titled Tuesday Blitz January 10 Late 2023"]
[White "Womacka, Mathias"]
[Black "Guzman Moneo, Alberto"]
[WhiteFideId "4611390"]
[BlackFideId "2209616"]
[WhiteElo "2396"]
[BlackElo "2170"]
[Result "1/2-1/2"]
[Round "03"]
[TimeControl "180+2"]
[Date "2023.01.10"]
[WhiteClock "0:00:06"]
[BlackClock "0:00:06"]

1. e4 e5 2. Nf3 Nc6 3. Bb5 a6 4. Bxc6 dxc6 5. O-O Bg4 6. h3 Bh5 7. g4 Bg6 8. Nxe5 Qh4 9. Qf3 Bd6 10. Nxg6 hxg6 11. Kg2 f6 12. d4 Ne7 13. Be3 g5 14. Nd2 Ng6 15. Rh1 Qh7 16. Kf1 Nh4 17. Qe2 O-O-O 18. c3 Rhe8 19. f3 Ng6 20. b4 Bf4 21. Bf2 Bxd2 22. Qxd2 Nf4 23. Bg3 Ng6 24. a4 Qg8 25. Qe2 Qb3 26. Be1 Nf4 27. Qa2 Qxa2 28. Rxa2 Rh8 29. Bg3 Rxh3 30. Rxh3 Nxh3 31. Rh2 Nf4 32. Bxf4 gxf4 33. Rh7 Rd7 34. Kg2 g5 35. Rh8+ Rd8 36. Rh6 Rf8 37. Rh7 b6 38. Kf2 Kb7 39. Ke2 c5 40. bxc5 bxc5 41. dxc5 Kc6 42. Kd3 Kxc5 43. Rxc7+ Kb6 44. Re7 Ka5 45. Re6 Rd8+ 46. Kc2 Rf8 47. Rd6 Rf7 48. Kd3 Ra7 49. Rxf6 Kxa4 50. Kc2 a5 51. Rf5 Rh7 52. Rxg5 Rh3 53. Kd3 Rxf3+ 54. Kc4 Re3 55. Kd4 Re1 56. Rf5 f3 57. Rxf3 Kb3 58. c4+ Kb4 59. g5 a4 60. g6 Rg1 61. Rf6 a3 62. Rb6+ Ka4 63. Ra6+ Kb3 64. c5 a2 65. Kd5 Rxg6 66. Rxa2 Kxa2 67. c6 Kb3 68. c7 Rg8 69. Kc6 Kc4 70. Kd7 Kd4 71. c8=Q Rxc8 72. Kxc8 Kxe4 1/2-1/2


[Site "https://www.chess.com"]

[Event "Titled Tuesday Blitz January 10 Late 2023"]
[White "Wang, Alexander J"]
[Black "Wu, Brandon"]
[WhiteFideId "30955270"]
[BlackFideId "30909228"]
[WhiteElo "1815"]
[BlackElo "2123"]
[Result "0-1"]
[Round "03"]
[TimeControl "180+2"]
[Date "2023.01.10"]
[WhiteClock "0:01:42"]
[BlackClock "0:02:23"]

1. e4 c6 2. d4 d5 3. f3 Qb6 4. Nc3 dxe4 5. fxe4 e5 6. dxe5 Bc5 7. Nf3 Bf2+ 8. Ke2 Be6 9. Qd3 Nd7 10. Na4 Qa5 11. Kxf2 Qxa4 12. Be3 O-O-O 13. b3 Qa5 14. b4 Qxb4 15. c3 Qa5 16. Rd1 Nh6 17. h3 Nxe5 0-1


[Site "https://www.chess.com"]

[Event "Titled Tuesday Blitz January 10 Late 2023"]
[White "De Souza, Cristiano Gomes"]
[Black "Ezat, Mohamed"]
[WhiteFideId "2151758"]
[BlackFideId "10600906"]
[WhiteElo "2018"]
[BlackElo "2402"]
[Result "0-1"]
[Round "03"]
[TimeControl "180+2"]
[Date "2023.01.10"]
[WhiteClock "0:02:26"]
[BlackClock "0:01:49"]

1. d4 Nf6 2. c4 e6 3. Nf3 Bb4+ 4. Bd2 a5 5. Nc3 O-O 6. g3 d5 7. cxd5 exd5 8. Bg2 Re8 9. O-O Bxc3 10. Bxc3 Ne4 11. Rc1 Nc6 12. a3 Bg4 13. h3 Bh5 14. Re1 Qd7 15. Ne5 Nxe5 16. dxe5 Nxc3 17. Rxc3 c6 18. f4 f6 19. g4 Bf7 20. exf6 gxf6 21. e4 d4 22. Rg3 c5 23. g5 f5 24. exf5 Qxf5 25. Re6 Rxe6 0-1


[Site "https://www.chess.com"]

[Event "Titled Tuesday Blitz January 10 Late 2023"]
[White "Thiel, Thomas"]
[Black "Suvorov, Luca"]
[WhiteFideId "4615964"]
[BlackFideId "12977071"]
[WhiteElo "2234"]
[BlackElo "2310"]
[Result "0-1"]
[Round "03"]
[TimeControl "180+2"]
[Date "2023.01.10"]
[WhiteClock "0:00:03"]
[BlackClock "0:00:09"]

1. e4 b6 2. d4 Bb7 3. Bd3 d6 4. Nf3 Nd7 5. O-O e5 6. c3 Ngf6 7. Re1 Be7 8. Nbd2 O-O 9. Nf1 Nh5 10. Ng3 Nxg3 11. hxg3 exd4 12. cxd4 c5 13. d5 Bf6 14. Rb1 Qe7 15. Bf4 Ne5 16. Nxe5 Bxe5 17. Bxe5 Qxe5 18. f4 Qd4+ 19. Kh2 Rae8 20. Bb5 Qxd1 21. Rbxd1 Rd8 22. Bc4 a6 23. a4 f6 24. Re3 Rfe8 25. Rde1 Rb8 26. Rb3 Bc8 27. Rd3 Re7 28. e5 fxe5 29. fxe5 Bf5 30. Rde3 b5 31. axb5 axb5 32. Bf1 Rxe5 33. Rxe5 dxe5 34. Rxe5 Bd7 35. d6 Kf8 36. Rxc5 b4 37. Rc7 Ke8 38. Bc4 Kd8 39. Ra7 h6 40. Bd5 g5 41. Ra8 Rxa8 42. Bxa8 Be8 43. Kh3 Kd7 44. Kg4 Bg6 45. Kf3 Kxd6 46. Ke3 Kc5 47. Bf3 Kc4 48. Bd1 Bd3 49. g4 Bf1 50. g3 Bd3 51. Kd2 Be4 52. Ke3 Bd3 53. Ba4 Bg6 54. Bd1 Bf7 55. Ba4 Be6 56. Bd1 Kc5 57. Ke4 Kc4 58. Ke5 Bc8 59. Ke4 Bb7+ 60. Ke3 Bc6 61. Bc2 Bd7 62. Bd1 Bb5 0-1


[Site "https://www.chess.com"]

[Event "Titled Tuesday Blitz January 10 Late 2023"]
[White "Ansh M Shah"]
[Black "Stavri, Gligor"]
[WhiteFideId "25033379"]
[BlackFideId "4706013"]
[WhiteElo "2171"]
[BlackElo "1867"]
[Result "1/2-1/2"]
[Round "03"]
[TimeControl "180+2"]
[Date "2023.01.10"]
[WhiteClock "0:00:18"]
[BlackClock "0:00:02"]

1. d4 Nf6 2. c4 g6 3. h4 c5 4. d5 d6 5. Nc3 Bg7 6. e4 e6 7. Be2 exd5 8. exd5 O-O 9. h5 Re8 10. Kf1 Nbd7 11. h6 Bh8 12. Nf3 Ne5 13. Nxe5 Rxe5 14. Bf4 Re7 15. Bf3 a6 16. a4 Bf5 17. g3 Qd7 18. Kg2 Rae8 19. Qd2 Bg4 20. Bxg4 Nxg4 21. Rhe1 Bd4 22. f3 Ne3+ 23. Bxe3 Bxe3 24. Qd3 Bxh6 25. Ne4 Bg7 26. Re2 f5 27. Nc3 Rxe2+ 28. Nxe2 Qe7 29. Kf2 Qe5 30. Rb1 g5 31. b4 b6 32. a5 cxb4 33. axb6 a5 34. f4 Qf6 35. c5 dxc5 36. Qb5 Rb8 37. b7 Qe7 38. Qxa5 Qxb7 39. Qxc5 Rd8 40. Rxb4 Qxd5 41. Qxd5+ Rxd5 42. Rb8+ Kf7 43. Rb7+ Kg6 44. Rb6+ Kh5 45. fxg5 Be5 46. Nf4+ Bxf4 47. gxf4 Kg4 48. Ke3 Rd7 49. Re6 Ra7 50. g6 Ra3+ 51. Kd4 hxg6 52. Rxg6+ Kxf4 53. Rg1 Kf3 54. Rf1+ Kg4 55. Ke5 Re3+ 56. Kd4 Re8 57. Rg1+ Kf4 58. Rf1+ Kg4 59. Rg1+ Kh4 60. Rf1 Kg4 1/2-1/2


[Site "https://www.chess.com"]

[Event "Titled Tuesday Blitz January 10 Late 2023"]
[White "Mikhalsky, Vladimir"]
[Black "Skurikhin, Dmitrij"]
[WhiteFideId "14144352"]
[BlackFideId "4161297"]
[WhiteElo "2219"]
[BlackElo "2297"]
[Result "0-1"]
[Round "03"]
[TimeControl "180+2"]
[Date "2023.01.10"]
[WhiteClock "0:00:17"]
[BlackClock "0:00:06"]

1. e4 e6 2. d4 d5 3. e5 c5 4. Qg4 Nc6 5. Nf3 cxd4 6. Bd3 Qc7 7. Bf4 Nge7 8. O-O Ng6 9. Re1 h5 10. Qg3 h4 11. Qg4 Nxf4 12. Qxf4 Be7 13. Nxd4 Nxd4 14. Qxd4 Bd7 15. Nc3 a6 16. Qg4 g5 17. Ne2 Qxe5 18. c4 f5 19. Qf3 g4 20. Qf4 Bd6 21. Qxe5 Bxe5 22. cxd5 O-O 23. dxe6 Bxe6 24. Nc1 Bxb2 25. Rb1 Bxc1 26. Rxe6 Rac8 27. Rxb7 Bd2 28. Rxa6 Rc1+ 29. Bf1 g3 30. hxg3 hxg3 31. Rg6+ Kh8 32. Rxg3 Re8 33. Rh3+ Kg8 34. g4 Ree1 35. gxf5 Rxf1+ 36. Kg2 Rg1+ 37. Kf3 Rc3+ 38. Ke2 Rxh3 39. Kxd2 Rf3 40. Ke2 Rxf5 41. a4 Rg2 42. Rb8+ Kg7 43. Rb7+ Kg6 44. Rb6+ Kg5 45. Rb5 Rxf2+ 46. Kd3 Rxb5 47. axb5 Kf6 48. Kd4 Ke6 49. Kc5 Kd7 50. Kb6 Rb2 51. Ka6 Kc7 52. Ka5 Kb7 53. Ka4 Kb6 54. Ka3 Rxb5 0-1


[Site "https://www.chess.com"]

[Event "Titled Tuesday Blitz January 10 Late 2023"]
[White "Atanasov, Radislav"]
[Black "Estrada Nieto, Julian"]
[WhiteFideId "2901471"]
[BlackFideId "5101018"]
[WhiteElo "2025"]
[BlackElo "2215"]
[Result "1-0"]
[Round "03"]
[TimeControl "180+2"]
[Date "2023.01.10"]
[WhiteClock "0:00:22"]
[BlackClock "0:00:08"]

1. e4 e5 2. Nf3 Nc6 3. Bb5 a6 4. Ba4 Nf6 5. O-O Be7 6. Re1 b5 7. Bb3 d6 8. c3 O-O 9. h3 Bb7 10. d4 Re8 11. Nbd2 Bf8 12. Bc2 h6 13. a4 exd4 14. cxd4 Nb4 15. Bb1 c5 16. d5 Nd7 17. Ra3 c4 18. Nh2 Ne5 19. Rg3 Ned3 20. Rf1 g6 21. f4 Bg7 22. Ng4 h5 23. Ne3 Qh4 24. Qf3 Bd4 25. Kh2 Re7 26. e5 Bxe3 27. Qxe3 Nxd5 28. Qf2 dxe5 29. Rxg6+ fxg6 30. Qxh4 Rf7 31. f5 Raf8 32. Ne4 N5f4 33. fxg6 Nxg6 34. Qxh5 Rxf1 35. Qxg6+ Kh8 36. Bh6 R8f7 37. Ng5 R1f5 38. Nxf7+ Rxf7 39. Qxf7 e4 40. Qg7# 1-0


[Site "https://www.chess.com"]

[Event "Titled Tuesday Blitz January 10 Late 2023"]
[White "Besedes, Danilo"]
[Black "Smith, Garrett L"]
[WhiteFideId "946796"]
[BlackFideId "2024829"]
[WhiteElo "2297"]
[BlackElo "2047"]
[Result "1-0"]
[Round "03"]
[TimeControl "180+2"]
[Date "2023.01.10"]
[WhiteClock "0:00:54"]
[BlackClock "0:01:21"]

1. Nf3 c5 2. c4 Nc6 3. Nc3 e5 4. g3 Nf6 5. Bg2 d6 6. O-O Be7 7. d3 h6 8. Rb1 Be6 9. a3 a5 10. Nd2 d5 11. cxd5 Nxd5 12. Nc4 Rb8 13. Bd2 O-O 14. Nxd5 Bxd5 15. Bxd5 Qxd5 16. Nxa5 Rfd8 17. Nxc6 bxc6 18. Qc2 Rb3 19. Bc3 c4 20. dxc4 Qxc4 21. Rbd1 Rdb8 22. Qd3 Qe6 23. Qd7 Qxd7 24. Rxd7 Bf6 25. Rc7 e4 26. Bxf6 gxf6 27. Rxc6 Kg7 28. e3 Rxb2 29. Ra1 Rb1+ 30. Rc1 Rxc1+ 31. Rxc1 Rb2 32. Ra1 Rb5 33. a4 Ra5 34. Kf1 Kg6 35. Ke2 Kf5 36. Kd2 Kg4 37. Kc3 Kf3 38. Ra2 Ra8 39. a5 Rc8+ 40. Kd4 1-0


[Site "https://www.chess.com"]

[Event "Titled Tuesday Blitz January 10 Late 2023"]
[White "Gasparyan, David"]
[Black "Papp, Petra"]
[WhiteFideId "13311980"]
[BlackFideId "739049"]
[WhiteElo "2142"]
[BlackElo "2343"]
[Result "1-0"]
[Round "03"]
[TimeControl "180+2"]
[Date "2023.01.10"]
[WhiteClock "0:00:39"]
[BlackClock "0:00:13"]

1. d4 Nf6 2. Nf3 g6 3. Bf4 Bg7 4. Nc3 d5 5. e3 O-O 6. Be2 c6 7. O-O Re8 8. h3 Nbd7 9. Ne5 Nf8 10. Na4 N6d7 11. c4 Nxe5 12. Bxe5 Bxe5 13. dxe5 dxc4 14. Qc2 Bf5 15. e4 Be6 16. Nc5 Qb6 17. Nxe6 Nxe6 18. Bxc4 Nc5 19. a3 e6 20. b4 Nd7 21. Qc3 Rad8 22. Kh1 h5 23. f4 Nf8 24. f5 Qd4 25. Qb3 Qxe5 26. fxg6 Nxg6 27. Rf3 Nh4 28. Rg3+ Kh8 29. Rf1 Rd4 30. Qe3 Qxe4 31. Qh6+ Qh7 32. Qf6+ 1-0


[Site "https://www.chess.com"]

[Event "Titled Tuesday Blitz January 10 Late 2023"]
[White "Peatman, Carter"]
[Black "Bulgurlu, Okan"]
[WhiteFideId "2096480"]
[BlackFideId "6352316"]
[WhiteElo "1998"]
[BlackElo "1908"]
[Result "0-1"]
[Round "03"]
[TimeControl "180+2"]
[Date "2023.01.10"]
[WhiteClock "0:00:14"]
[BlackClock "0:00:17"]

1. d4 f5 2. Bf4 Nf6 3. e3 e6 4. Nf3 Be7 5. h3 O-O 6. c4 b6 7. Nc3 Bb7 8. Be2 h6 9. O-O d6 10. Bh2 Nbd7 11. b4 a5 12. a3 Ne4 13. Nxe4 Bxe4 14. Nd2 Bb7 15. Qb3 a4 16. Qc3 Nf6 17. c5 bxc5 18. bxc5 dxc5 19. dxc5 Nd5 20. Qc2 Bf6 21. Nc4 Bxa1 22. Rxa1 Qg5 23. Bf3 f4 24. e4 Nf6 25. Nb2 Bc6 26. Re1 e5 27. Nd3 Rfd8 28. Qc3 Re8 29. Nb4 Bb5 30. c6 Qg6 31. Qc5 Rab8 32. Kh1 Qf7 33. Rc1 Qe7 34. Qc3 Red8 35. g3 g5 36. gxf4 gxf4 37. h4 Kh7 38. h5 Rg8 39. Qc5 Qxc5 40. Rxc5 Rbe8 41. Rxb5 Rg5 42. Nd5 Nxd5 43. Rxd5 Rb8 44. Rd7+ Kg8 45. Bg1 Rb1 46. Rd1 Rb3 47. Be2 Rh3+ 48. Bh2 f3 49. Bc4+ Kf8 50. Rg1 Rgxh5 51. Rg8+ Ke7 52. Rg7+ Kd6 53. Kg1 Rxh2 54. Kf1 Rh1+ 55. Rg1 Rxg1+ 56. Kxg1 Rg5+ 57. Kf1 h5 58. Bd3 h4 59. Bc2 h3 60. Bd1 h2 61. Bxf3 Rg1+ 62. Ke2 h1=Q 63. Bxh1 Rxh1 64. Ke3 Ra1 0-1


[Site "https://www.chess.com"]

[Event "Titled Tuesday Blitz January 10 Late 2023"]
[White "Kuznecovs, Nikita"]
[Black "Sailer, Mike"]
[WhiteFideId "11604557"]
[BlackFideId "2012901"]
[WhiteElo "2287"]
[BlackElo "2109"]
[Result "1-0"]
[Round "03"]
[TimeControl "180+2"]
[Date "2023.01.10"]
[WhiteClock "0:01:11"]
[BlackClock "0:00:06"]

1. Nf3 d5 2. c4 e6 3. g3 Nf6 4. Bg2 Be7 5. O-O O-O 6. b3 b6 7. Bb2 Bb7 8. d3 c5 9. e3 Nbd7 10. Nbd2 Re8 11. Qe2 a5 12. e4 Nb8 13. h3 a4 14. e5 Nfd7 15. Nh2 Qc7 16. f4 d4 17. f5 Bxg2 18. Qxg2 exf5 19. Qxa8 Qxe5 20. Qf3 Bg5 21. Rad1 Be3+ 22. Kh1 g6 23. Rfe1 axb3 24. axb3 Na6 25. Ndf1 Qe6 26. Nxe3 dxe3 27. Re2 Nb4 28. Nf1 f4 29. gxf4 Qf5 30. Rxe3 Ra8 31. Qg4 Qxg4 32. hxg4 Ra2 33. Bc3 Nc6 34. Re8+ Nf8 35. Bf6 Rf2 36. g5 Rxf4 37. Ne3 h6 38. Nd5 Rh4+ 39. Kg2 hxg5 40. Ne7+ Nxe7 41. Bxe7 Rg4+ 42. Kf3 Rf4+ 43. Kg3 Kg7 44. Bxf8+ 1-0


[Site "https://www.chess.com"]

[Event "Titled Tuesday Blitz January 10 Late 2023"]
[White "Simonovic, Miroslav"]
[Black "Novikova, Galina"]
[WhiteFideId "919152"]
[BlackFideId "4157095"]
[WhiteElo "2082"]
[BlackElo "2073"]
[Result "1/2-1/2"]
[Round "03"]
[TimeControl "180+2"]
[Date "2023.01.10"]
[WhiteClock "0:00:01"]
[BlackClock "0:00:15"]

1. d4 e6 2. h4 d5 3. Bg5 Be7 4. Nf3 h6 5. Bf4 Nf6 6. h5 Bd6 7. Bxd6 cxd6 8. e3 Qb6 9. b3 Nc6 10. Be2 e5 11. O-O O-O 12. c4 dxc4 13. bxc4 Bg4 14. d5 Ne7 15. Nh2 Bxe2 16. Qxe2 Rac8 17. Nd2 Qd8 18. e4 Qd7 19. a4 Nh7 20. g4 Ng5 21. Kg2 Kh8 22. f3 a6 23. Rfb1 Rc7 24. a5 Rfc8 25. Rb4 Ng8 26. Rab1 Nf6 27. Nhf1 Nxh5 28. gxh5 Qh3+ 29. Kf2 Qxh5 30. Ke3 Nh3 31. Qh2 Qg5+ 32. Kd3 Nf4+ 33. Kc3 Qe7 34. Ng3 Kh7 35. Ne2 Ng6 36. Rg1 Rc5 37. Nc1 Rxa5 38. Nd3 Ra3+ 39. Rb3 Rxb3+ 40. Nxb3 Qc7 41. Nd2 b5 42. Nb2 bxc4 43. Ndxc4 Qb6 44. Rd1 a5 45. Kc2 Qb4 46. Qd2 Rxc4+ 47. Nxc4 Qxc4+ 48. Qc3 Qe2+ 49. Rd2 Qf1 50. Qd3 Qg1 51. Qe2 Nf4 52. Qf2 Qa1 53. Qe3 a4 54. Qc3 Qa2+ 55. Qb2 Qc4+ 56. Qc3 Qf1 57. Rd1 Qg2+ 58. Rd2 Qg5 59. Kb2 Qd8 60. Ka3 Qa8 61. Rb2 h5 62. Qc4 Qa7 63. Qxa4 Qe3+ 64. Qb3 Qe1 65. Qb4 Qe3+ 66. Qb3 Qa7+ 67. Qa4 Qe3+ 68. Qb3 1/2-1/2


[Site "https://www.chess.com"]

[Event "Titled Tuesday Blitz January 10 Late 2023"]
[White "Miszler, Levente"]
[Black "Kovacevic, Radmila"]
[WhiteFideId "763276"]
[BlackFideId "933171"]
[WhiteElo "2271"]
[BlackElo "2106"]
[Result "1/2-1/2"]
[Round "03"]
[TimeControl "180+2"]
[Date "2023.01.10"]
[WhiteClock "0:00:36"]
[BlackClock "0:00:09"]

1. e4 e5 2. Nf3 d5 3. Nxe5 Bd6 4. d4 dxe4 5. Nc4 Be7 6. Nc3 Nf6 7. Bg5 O-O 8. Qd2 c6 9. Be2 b5 10. Ne5 Bf5 11. O-O h6 12. Bh4 b4 13. Na4 Nd5 14. Bxe7 Qxe7 15. Nc5 f6 16. Nc4 Nd7 17. Nxd7 Qxd7 18. Ne3 Be6 19. Bc4 Rab8 20. a3 a5 21. axb4 axb4 22. Ra6 Nxe3 23. Bxe6+ Qxe6 24. Qxe3 Qc4 25. Qb3 Qxb3 26. cxb3 Rfc8 27. Rc1 Rd8 28. Raxc6 Rxd4 29. Kf1 Rd2 30. R1c2 Rbd8 31. Ke1 R2d3 32. Re6 R8d4 33. Re7 Rxb3 34. Rcc7 Rxb2 35. Rxg7+ Kf8 36. Rh7 Kg8 37. Rxh6 Rd3 38. Rg6+ Kh8 39. g3 Rb1+ 40. Ke2 Rb2+ 41. Kf1 Rf3 42. Rh6+ Kg8 43. Rg6+ Kf8 44. Rh6 Rfxf2+ 45. Kg1 Kg8 46. Rg6+ Kh8 47. Rh6+ Kg8 48. Rhh7 Rg2+ 49. Kh1 Rgd2 50. Rhg7+ Kf8 51. Rgf7+ Kg8 52. Rg7+ Kf8 53. Rgf7+ Kg8 54. Rg7+ 1/2-1/2


[Site "https://www.chess.com"]

[Event "Titled Tuesday Blitz January 10 Late 2023"]
[White "Kabilov, Amin"]
[Black "Dedona, Mark"]
[WhiteFideId "14700859"]
[BlackFideId "30920256"]
[WhiteElo "2207"]
[BlackElo "1662"]
[Result "1-0"]
[Round "03"]
[TimeControl "180+2"]
[Date "2023.01.10"]
[WhiteClock "0:00:54"]
[BlackClock "0:01:38"]

1. e4 c5 2. Nf3 d6 3. a3 Nf6 4. Nc3 g6 5. b4 cxb4 6. axb4 Nc6 7. b5 Ne5 8. Nxe5 dxe5 9. Bc4 Bg7 10. O-O O-O 11. Ba3 Qc7 12. d3 Rd8 13. Qe2 b6 14. f4 exf4 15. e5 Ng4 16. Nd5 Qxe5 17. Nxe7+ Kh8 18. Rae1 Qxe2 19. Rxe2 Bd4+ 20. Kh1 Be3 21. Rxe3 Nxe3 22. Bb2+ f6 23. Bxf6# 1-0


[Site "https://www.chess.com"]

[Event "Titled Tuesday Blitz January 10 Late 2023"]
[White "Michalski, Olaf"]
[Black "Nikologorsky, Matfei"]
[WhiteFideId "1106740"]
[BlackFideId "24102474"]
[WhiteElo "2273"]
[BlackElo "2182"]
[Result "0-1"]
[Round "03"]
[TimeControl "180+2"]
[Date "2023.01.10"]
[WhiteClock "0:00:05"]
[BlackClock "0:00:06"]

1. d4 Nf6 2. c4 e6 3. Nf3 b6 4. a3 Bb7 5. Nc3 Be7 6. d5 exd5 7. cxd5 d6 8. e4 Nbd7 9. b4 O-O 10. Be2 Re8 11. O-O a5 12. Rb1 axb4 13. axb4 Ng4 14. Qc2 Bf6 15. Nb5 Ba6 16. h3 Nge5 17. Nfd4 Bxb5 18. Nxb5 Rc8 19. f4 Ng6 20. Bf3 Nh4 21. Bg4 g6 22. g3 h5 23. Be2 Qe7 24. gxh4 Qxe4 25. Qxe4 Rxe4 26. Bd3 Re7 27. Bb2 Bxb2 28. Rxb2 Re3 29. Bb1 Nf6 30. Kg2 Nxd5 31. Rf3 Re1 32. Ba2 Nf6 33. Rc2 Rce8 34. Nxc7 R8e4 35. Nd5 Nxd5 36. Bxd5 Rxb4 37. Rc7 Rb2+ 38. Rf2 Rbb1 39. Rxf7 Rg1+ 40. Kh2 Kh8 41. Rf8+ Kg7 42. Rf7+ Kh6 43. Rb7 Rgd1 44. Bg2 Rd4 45. Kg3 Rb5 46. Re2 Rb3+ 47. Bf3 Rdd3 48. Rf2 b5 49. Rb6 b4 50. Kg2 Rbc3 51. Be4 Rd4 52. Bb1 Kg7 53. Re2 Kf6 54. Re8 b3 55. Reb8 Rd2+ 56. Kf1 Rc1# 0-1


[Site "https://www.chess.com"]

[Event "Titled Tuesday Blitz January 10 Late 2023"]
[White "Golding, Alex"]
[Black "Kho, Darrell"]
[WhiteFideId "427241"]
[BlackFideId "1019317"]
[WhiteElo "2318"]
[BlackElo "2075"]
[Result "1-0"]
[Round "03"]
[TimeControl "180+2"]
[Date "2023.01.10"]
[WhiteClock "0:00:24"]
[BlackClock "0:00:02"]

1. g3 e5 2. Bg2 d5 3. c4 d4 4. d3 Nc6 5. a3 a5 6. Nf3 Nf6 7. O-O Be7 8. e3 O-O 9. exd4 exd4 10. h3 h6 11. Re1 Bf5 12. Bf4 Nd7 13. g4 Bh7 14. Re2 Nc5 15. Ne1 a4 16. Qc2 Bd6 17. Bxd6 Qxd6 18. Nd2 f5 19. b4 axb3 20. Nxb3 fxg4 21. hxg4 Nxb3 22. Qxb3 Qf4 23. Qxb7 Ne5 24. Qd5+ Nf7 25. Re7 Rae8 26. Rxe8 Rxe8 27. Nf3 Qxg4 28. Nxd4 Bxd3 29. Qc6 Rd8 30. Ne6 Rd6 31. Qe8+ Kh7 32. Nf8+ Kg8 33. Ng6+ Kh7 34. Ne7 Be4 35. Qg8# 1-0


[Site "https://www.chess.com"]